 Dungeon Sprint DCSS version 0.18.1-6-gd335043 (webtiles) character file.

109 Hipnos the Vexing (level 4, -4/30 HPs)
             Began as a Demonspawn Enchanter on May 19, 2016.
             Slain by Sigmund
             ... wielding a +0 scythe
              (10 damage)
             ... in the Dungeon (Sprint I: "Red Sonja").
             The game lasted 00:01:36 (355 turns).

Hipnos the Vexing (Demonspawn Enchanter)             Turns: 355, Time: 00:01:37

Health: -4/30      AC:  3    Str:  8    XL:     4   Next: 59%
Magic:  8/9        EV: 13    Int: 17    God:
Gold:   54         SH:  0    Dex: 14    Spells: 2 memorised, 7 levels left

rFire  . . .     SeeInvis .     (no weapon)
rCold  . . .     Gourm    .     b - +1 robe
rNeg   . . .     Faith    .     (no shield)
rPois  .         Spirit   .     (no helmet)
rElec  .         Dismiss  .     (no cloak)
rCorr  .         Reflect  .     (no gloves)
SustAt .         Harm     .     (no boots)
MR     .....     NoTele   +     (no amulet)
Stlth  +++.......               (no ring)
                                (no ring)

@: hasted, very quick, not resistant to hostile enchantments, fairly stealthy
A: claws 1, hooves 1
a: no special abilities


You were in the Dungeon.
You were not hungry.

You visited 1 branch You collected 54 gold pieces.

Inventory:

Hand Weapons
 a - a +1 dagger
Armour
 b - a +1 robe (worn)
Scrolls
 j - a scroll of blinking
Potions
 e - a potion of curing
 f - a potion of heal wounds
 h - 2 potions of magic
Books
 c - a book of Maledictions

   Spells                             Type                      Level
   a - Corona                         Hexes                        1
   b - Ensorcelled Hibernation        Hexes/Ice                    2
   c - Confuse                        Hexes                        3
   d - Tukima's Dance                 Hexes                        3
   e - Dazzling Spray                 Conjuration/Hexes            3
Comestibles
 d - a bread ration


   Skills:
 - Level 1.4 Short Blades
 + Level 2.6 Dodging
 * Level 5.8 Stealth
 * Level 3.5 Spellcasting
 * Level 6.8 Hexes


You had 7 spell levels left.
You knew the following spells:

 Your Spells              Type           Power        Failure   Level  Hunger
a - Corona                Hex            ####...      1%          1    None
b - Ensorcelled Hibernat  Hex/Ice        ##....       10%         2    ##.....


Dungeon Overview and Level Annotations

Branches:
Dungeon (1/1)

Altars:

Annotations:
D Sigmund


Innate Abilities, Weirdness & Mutations

You have sharp fingernails.
You have large cloven feet.


Message History

Sigmund barely misses you.
You scratch Sigmund.
Sigmund is moderately wounded.
Sigmund hits you with a scythe!
You miss Sigmund.
Sigmund is moderately wounded.
You bump into the rock wall.
Sigmund closely misses you.
You're too confused to move!
Sigmund misses you.
You bump into the rock wall.
You miss Sigmund. You kick Sigmund, but do no damage.
Sigmund is moderately wounded.
Sigmund gestures wildly while chanting.
Sigmund flickers and vanishes!
Deactivating autopickup; reactivate with Ctrl-A.
You feel less confused. Something hits you!
* * * LOW HITPOINT WARNING * * *
Drink which item? (? for menu, Esc to quit)
You feel yourself speed up. Something hits you!
You die...

#############
#<.#..'..#@{+
#..)..#..'..#
#..#####'####
#..# #..#
#..# ####
#.)# #⌠⌠#
####


There were no monsters in sight!

Vanquished Creatures
  An ogre (D)
  Ijyb (D)
2 creatures vanquished.

Notes
Turn   | Place    | Note
--------------------------------------------------------------
     0 | D        | Hipnos the Demonspawn Enchanter began the quest for the Orb.
     0 | D        | Reached XP level 1. HP: 13/13 MP: 3/3
     1 | D        | Noticed Ijyb
     6 | D        | Killed Ijyb
     6 | D        | Reached skill level 1 in Short Blades
     6 | D        | Reached skill level 4 in Hexes
     6 | D        | Gained mutation: You have large cloven feet. [demonic ancestry]
     6 | D        | Reached XP level 2. HP: 19/19 MP: 5/5
    42 | D        | Learned a level 2 spell: Ensorcelled Hibernation
    54 | D        | Noticed an ogre
    70 | D        | Killed an ogre
    70 | D        | Reached skill level 5 in Stealth
    70 | D        | Reached skill level 6 in Hexes
    70 | D        | Reached XP level 3. HP: 3/24 MP: 2/8
    70 | D        | Gained mutation: You have sharp fingernails. [demonic ancestry]
    70 | D        | Reached XP level 4. HP: 4/30 MP: 2/9
   335 | D        | Noticed Sigmund
   355 | D        | Slain by Sigmund

Skill      XL: |  1  2 |
---------------+-------+-----
Short Blades   | 1 |  1.4
Dodging        | 2 |  2.6
Stealth        | 4 5 |  5.8
Hexes          | 4 6 |  6.8
Spellcasting   | 3 |  3.5

Action                   |  1- 3 |  4- 6 || total
-------------------------+-------+-------++-------
Melee: Dagger            |    11 |       ||    11
       Kick              |     2 |     2 ||     4
       Unarmed           |       |     8 ||     8
 Cast: Ensorcelled Hiber |     1 |     1 ||     2
  Use: Potion            |     1 |     1 ||     2
 Stab: Sleeping          |     1 |     2 ||     3
Dodge: Dodged            |     4 |     5 ||     9
